 Dungeon Crawl Stone Soup version 0.19-a0-1051-gdb7e7f8 (webtiles) character file.

1631 mrath the Digger (level 8, -16/67 HPs)
             Began as a Gargoyle Earth Elementalist on Aug 2, 2016.
             Was an Initiate of Vehumet.
             Demolished by a hill giant
             ... wielding a cursed -3 giant club
              (21 damage)
             ... on level 7 of the Dungeon.
             The game lasted 00:42:31 (8384 turns).

mrath the Digger (Gargoyle Earth Elementalist)      Turns: 8384, Time: 00:42:31

Health: -16/67     AC: 24    Str: 12    XL:     8   Next: 98%
Magic:  21/32      EV:  2    Int: 18    God:    Vehumet [......]
Gold:   253        SH:  0    Dex: 10    Spells: 2 memorised, 15 levels left

rFire  . . .     SeeInvis .     L - staff of power
rCold  . . .     Gourm    .     (armour currently unavailable)
rNeg   + + +     Faith    .     (no shield)
rPois  ∞         Spirit   .     (helmet currently unavailable)
rElec  .         Dismiss  .     (cloak currently unavailable)
rCorr  .         Reflect  .     (gloves currently unavailable)
SustAt .         Harm     .     (boots currently unavailable)
MR     .....     NoTele   +     (no amulet)
Stlth  ++........               (no ring)
                                (no ring)

@: tree-form, not resistant to hostile enchantments, unstealthy
A: negative energy resistance 1, (electricity resistance), (unbreathing),
petrification resistance, rot immunity, AC +5
a: Renounce Religion


You were on level 7 of the Dungeon.
You worshipped Vehumet.
Vehumet was noncommittal.
You were hungry.
You were a tree.
You visited 2 branches of the dungeon, and saw 8 of its levels.

You collected 253 gold pieces.

Inventory:

Hand Weapons
 g - a +1 hunting sling of flaming
 k - a +0 whip
 o - a +0 mace
 N - a +0 flail
Missiles
 b - 214 stones (quivered)
 v - 18 poisoned needles
 A - 2 needles of confusion
 R - 18 sling bullets
Armour
 f - a +0 pair of gloves (melded)
 p - a +0 pair of boots (melded)
 G - a +1 hat (melded)
 M - a +0 buckler
 O - the +4 leather armour of the Sun {rPois rN+}
   (You found it on level 6 of the Dungeon)

   It protects you from poison.
   It protects you from negative energy.
 Q - a +1 robe of fire resistance (melded)
Magical Staves
 L - an uncursed staff of power (weapon)
Wands
 q - a wand of digging (13/24)
 B - a wand of disintegration (13/24)
 F - a wand of polymorph (11/24)
Scrolls
 h - 2 scrolls of enchant armour {unknown}
 m - 4 scrolls of remove curse
 n - 3 scrolls of identify
 r - 5 scrolls of teleportation {unknown}
 s - a scroll of random uselessness {unknown}
 t - 2 scrolls of fear {unknown}
 x - 2 scrolls of enchant weapon {unknown}
 y - a scroll of noise {unknown}
 H - a scroll of fog {unknown}
 K - 2 scrolls of immolation {unknown}
Potions
 a - a potion of lignification
 i - a potion of might {unknown}
 j - 2 potions of resistance
 z - a potion of heal wounds {unknown}
 C - a potion of flight {unknown}
 D - 2 potions of mutation {unknown}
 E - 2 potions of curing {unknown}
 I - 2 potions of agility {unknown}
Books
 e - a book of Geomancy

   Spells                             Type                      Level
   a - Sandblast                      Earth                        1
   b - Passwall                       Transmutation/Earth          2
   c - Stone Arrow                    Conjuration/Earth            3
   d - Petrify                        Transmutation/Earth          4
   e - Lee's Rapid Deconstruction     Earth                        5
Comestibles
 d - 5 bread rations
 l - a beef jerky
 u - 4 slices of pizza
 w - 2 meat rations
 J - 5 fruits


   Skills:
 + Level 2.6 Fighting
 + Level 2.8 Armour
 + Level 3.0 Dodging
 - Level 2.1 Stealth
 * Level 6.3 Spellcasting
 + Level 4.4 Conjurations
   Level 0.7 Transmutations
 + Level 6.7 Earth Magic
 + Level 2.6 Evocations


You had 15 spell levels left.
You knew the following spells:

 Your Spells              Type           Power        Failure   Level  Hunger
a - Sandblast             Erth           ####..       1%          1    None
b - Stone Arrow           Conj/Erth      ####..       3%          3    ##.....


Dungeon Overview and Level Annotations

Branches:
Dungeon (7/15)             Temple (1/1) D:6

Altars:
Ashenzari
Cheibriados
Dithmenos
Elyvilon
Gozag
Hepliaklqana
Nemelex Xobeh
Okawaru
Pakellas
Qazlal
Ru
Sif Muna
Vehumet
Xom


Innate Abilities, Weirdness & Mutations

You are resistant to torment.
((Your stone body is resilient. (AC +5)))
You are immune to poison.
You resist negative energy. (rN+)
((You are resistant to electric shocks. (rElec)))
((You can survive without breathing.))
You are immune to petrification.
You are immune to rotting.


Message History

Aim: a hill giant, wielding a giant club (moderately wounded)
The stone arrow hits the hill giant.
The hill giant is heavily wounded.
The hill giant hits you but does no damage.
Casting: Stone Arrow
Confirm with . or Enter, or press ? or * to list all spells.
Aiming: Stone Arrow
Press: ? - help, Shift-Dir - straight line, f/p - hill giant
Aim: a hill giant, wielding a giant club (heavily wounded)
The stone arrow hits the hill giant.
The hill giant is severely wounded.
Casting: Stone Arrow
Confirm with . or Enter, or press ? or * to list all spells.
Aiming: Stone Arrow
Press: ? - help, Shift-Dir - straight line, f/p - hill giant
Aim: a hill giant, wielding a giant club (severely wounded)
The stone arrow hits the hill giant.
The hill giant is almost dead.
The hill giant hits you with a giant club!!
You die...

#.#.##############
#.#..............#
#.#..###########.#
#.#..#......)..#.#
#.#..#.######)##.#
#.#..#.# #.##.#
#.#..#.# #.##.#
#.#..#.# #[##.#
#♣#..#.# #.##[#
#.C..#.# #.##<#
#.#.##.# #.####
#.#....# #.####
#.###########.....
#.# ............
#.# ############
#.# #.


You could see a hill giant.

Vanquished Creatures
  A water moccasin (D:6)
  Duvessa (D:4)
  An ice beast (D:7)
  A phantom (D:6)
  3 ogres (D:5)
  A centaur (D:5)
  The ghost of Aquadorian the Sneak, an amateur OpEn (D:3)
  A giant frog (D:6)
  Dowan (D:4)
  A howler monkey (D:5)
  6 crimson imps
  3 hounds
  A giant frog skeleton (D:4)
  2 iguanas
  2 orc wizards (D:7)
  A hound zombie (D:5)
  A hound skeleton (D:5)
  A worker ant zombie (D:5)
  4 gnolls (D:5)
  A howler monkey skeleton (D:4)
  7 adders
  A shadow imp (D:6)
  An ooze (D:6)
  A dart slug (D:4)
  3 giant geckos
  13 orcs
  5 giant cockroaches
  8 goblins
  7 hobgoblins
  8 jackals
  5 kobolds
  3 quokkas
  2 ball pythons
  8 bats
  A giant gecko skeleton (D:4)
  4 giant newts
  A quokka skeleton (D:5)
  10 rats
122 creatures vanquished.

Notes
Turn   | Place    | Note
-------+----------+-------------------------------------------
     0 | D:1      | mrath the Gargoyle Earth Elementalist began the quest for the Orb.
     0 | D:1      | Reached XP level 1. HP: 10/10 MP: 3/3
   523 | D:1      | Reached XP level 2. HP: 14/15 MP: 0/5
   970 | D:1      | Found a sparkling altar of Nemelex Xobeh.
  1359 | D:2      | Reached XP level 3. HP: 19/19 MP: 0/7
  1424 | D:1      | Learned a level 3 spell: Stone Arrow
  2473 | D:3      | Noticed Aquadorian's ghost (amateur OpEn)
  2549 | D:3      | Reached XP level 4. HP: 24/24 MP: 2/8
  2623 | D:3      | Reached skill level 1 in Conjurations
  3466 | D:3      | Killed Aquadorian's ghost
  3466 | D:3      | Reached XP level 5. HP: 28/28 MP: 0/11
  3795 | D:4      | Noticed Dowan
  3796 | D:4      | Noticed Duvessa
  3915 | D:4      | Reached skill level 5 in Earth Magic
  4179 | D:4      | Reached XP level 6. HP: 32/32 MP: 0/12
  4787 | D:4      | Killed Dowan
  4836 | D:4      | Killed Duvessa
  4836 | D:4      | Reached skill level 5 in Spellcasting
  4836 | D:4      | Reached XP level 7. HP: 3/36 MP: 2/14
  5111 | D:5      | Entered Level 5 of the Dungeon
  5581 | D:5      | Reached skill level 1 in Fighting
  5749 | D:5      | Reached skill level 1 in Evocations
  5925 | D:5      | Reached skill level 1 in Armour
  6051 | D:5      | Reached XP level 8. HP: 30/44 MP: 5/16
  6620 | D:6      | Found a white marble altar of Elyvilon.
  7142 | D:6      | Got a faintly humming leather armour
  7168 | D:6      | Identified the +4 leather armour of the Sun {rPois rN+} (You found it on level 6 of the Dungeon)
  7373 | D:6      | Found a staircase to the Ecumenical Temple.
  7380 | Temple   | Entered the Ecumenical Temple
  7399 | Temple   | Became a worshipper of Vehumet
  7429 | D:6      | Found an iron altar of Okawaru.
  7519 | D:6      | Found a snail-covered altar of Cheibriados.
  7519 | D:6      | Found an oddly glowing altar of Pakellas.
  7519 | D:6      | Found a hazy altar of Hepliaklqana.
  7520 | D:6      | Found a deep blue altar of Sif Muna.
  7523 | D:6      | Found a shimmering altar of Xom.
  8308 | D:7      | Noticed a hill giant
  8384 | D:7      | Demolished by a hill giant

Vault maps used:
D:1:      lightli_arrival_quake, minmay_misc_feat_doors, dk_noncrumbling_4,
          serial_park_tiny_pond, minmay_misc_feat_chi,
          nemelex_diamond_rough_becter
D:2:      first_bread
D:4:      kennysheep_nondescript, small_statue_intersection, uniq_duvessa
D:6:      minitemple, nicolae_overflow_crystal_walls
D:7:      lemuel_coloured_pillars_altar, uniq_menkaure
Temple:   eino_temple_water

Skill      XL: |  1  2  3  4  5  6  7  8 |
---------------+-------------------------+-----
Spellcasting   | 3 4 5 6 |  6.3
Earth Magic    | 4 5 6 |  6.7
Conjurations   | 1 2 3 4 |  4.4
Fighting       | 1 2 |  2.6
Evocations     | 1 2 |  2.6
Armour         | 1 2 |  2.8
Dodging        | 2 3 |  3.0
Stealth        | |  2.1
Transmutations | |  0.7

Action                   |  1- 3 |  4- 6 |  7- 9 || total
-------------------------+-------+-------+-------++-------
Melee: Club              |    10 |       |       ||    10
       Whip              |    49 |       |       ||    49
       Mace              |       |    46 |       ||    46
       Staff             |       |     1 |    47 ||    48
Throw: Stone             |       |       |     5 ||     5
 Cast: Sandblast         |    66 |    44 |    14 ||   124
       Stone Arrow       |       |    24 |    83 ||   107
  Use: Scroll            |       |     2 |     4 ||     6
       Potion            |       |       |     1 ||     1
 Stab: Sleeping          |     2 |     1 |       ||     3
  Eat: Chunk             |     5 |     9 |    11 ||    25
       Royal jelly       |       |       |     1 ||     1
       Beef jerky        |       |       |     1 ||     1
Armor: Robe              |    33 |    43 |    35 ||   111
       Skin              |       |       |     1 ||     1
Dodge: Dodged            |    72 |    81 |    48 ||   201
